 Dungeon Crawl Stone Soup version 0.21-a0-401-g0b6bec4 (webtiles) character file.

1567 Klosterheim the Covert (level 9, -2/62 HPs)
             Began as a Formicid Enchanter on Oct 25, 2017.
             Slain by a yak (7 damage)
             ... on level 5 of the Dungeon.
             The game lasted 00:24:26 (6346 turns).

Klosterheim the Covert (Formicid Enchanter)         Turns: 6346, Time: 00:24:27

Health: -2/62      AC:  6    Str: 12    XL:     9   Next: 13%
Magic:  15/15      EV: 12    Int: 19    God:
Gold:   200        SH:  0    Dex: 11    Spells: 8/16 levels left

rFire    . . .     SeeInvis +   n - +1 dagger (venom)
rCold    . . .     Gourm    .   (no shield)
rNeg     . . .     Faith    .   a - +2 robe {MR+}
rPois    .         Spirit   .   (helmet unavailable)
rElec    .         Reflect  .   o - +1 cloak
rCorr    .         Harm     .   (no gloves)
MR       +....                  (no boots)
Stlth    ++........             (no amulet)
HPRegen  0.20/turn              (no ring)
MPRegen  0.14/turn              (no ring)

@: confused
A: permanent stasis, dig shafts and tunnels, four strong arms, antennae 3
a: Dig, Shaft Self


You were on level 5 of the Dungeon.
You were not hungry.

You visited 1 branch of the dungeon, and saw 5 of its levels.
You also visited: Sewer.

You collected 200 gold pieces.

Inventory:

Hand Weapons
 n - a +1 dagger of venom (weapon)
Armour
 a - a +2 robe of magic resistance (worn)
 o - a +1 cloak (worn)
Jewellery
 m - an uncursed ring of fire
 t - a cursed amulet of inaccuracy {unknown}
Wands
 s - a wand of flame (14/48)
Scrolls
 e - a scroll of magic mapping
 k - 3 scrolls of identify
 q - a scroll of remove curse
Potions
 g - 4 potions of curing
 i - a potion of mutation
 l - 2 potions of might
 p - a potion of resistance
 r - a potion of agility
Books
 c - a book of Maledictions

   Spells                             Type                      Level
   a - Corona                         Hexes                        1
   b - Ensorcelled Hibernation        Hexes/Ice                    2
   c - Confuse                        Hexes                        3
   d - Tukima's Dance                 Hexes                        3
   e - Dazzling Spray                 Conjuration/Hexes            3
 j - a book of Changes

   Spells                             Type                      Level
   a - Beastly Appendage              Transmutation                1
   b - Sticks to Snakes               Transmutation                2
   c - Spider Form                    Transmutation/Poison         3
   d - Ice Form                       Ice/Transmutation            4
   e - Blade Hands                    Transmutation                5
 v - a book of Air

   Spells                             Type                      Level
   a - Shock                          Conjuration/Air              1
   b - Swiftness                      Charms/Air                   2
   c - Static Discharge               Conjuration/Air              3
   d - Airstrike                      Air                          4
   e - Lightning Bolt                 Conjuration/Air              5
Comestibles
 d - 4 bread rations
 f - 4 royal jellies
 h - a meat ration


   Skills:
 + Level 2.9 Fighting
 - Level 3.0 Short Blades
 - Level 2.0 Dodging
 - Level 9.1 Stealth
 + Level 4.2 Spellcasting
 + Level 8.7 Hexes


You had 8 spell levels left.
You knew the following spells:

 Your Spells              Type           Power        Failure   Level  Hunger
a - Confuse               Hex            #####...     1%          3    ###....
b - Ensorcelled Hibernat  Hex/Ice        ###...       3%          2    #......
c - Tukima's Dance        Hex            #####...     1%          3    ###....


Dungeon Overview and Level Annotations

Branches:
Dungeon (5/15)
 Temple: D:4-7

Altars:
Elyvilon
Kikubaaqudgha
Zin

Shops:
D:3 *


Innate Abilities, Weirdness & Mutations

You cannot be hasted, slowed, berserked, paralysed or teleported.
You can dig through walls and to a lower floor.
Your four strong arms can wield two-handed weapons with a shield.
You have a pair of large antennae on your head. (SInv)


Message History

Aiming: Ensorcelled Hibernation
Press: ? - help, Shift-Dir - straight line, f/p - yak
Aim: a yak (chance to defeat MR: 50%)
The yak resists with some effort.
The yak gores you!
* * * LOW HITPOINT WARNING * * *
Casting: Ensorcelled Hibernation
Confirm with . or Enter, or press ? or * to list all spells.
Aiming: Ensorcelled Hibernation
Press: ? - help, Shift-Dir - straight line, f/p - yak
Aim: a yak (chance to defeat MR: 50%)
The yak resists with some effort.
The yak barely misses you.
It was a potion of ambrosia.
You are confused.
You feel invigorated. The yak barely misses you. The yak gores you!
* * * LOW HITPOINT WARNING * * *
The yak gores you!
* * * LOW HITPOINT WARNING * * *
The yak gores you!
You die...

....#.###.# ..... ...#
##..#.# #.###.... .....#
##.{#.# #....# .....#
#...{.# #....# .._...
###.#.# #....+ ......
#>#.####...+###+#.....#
###............<......#
#..............########
#####.........oY@....<....#
#..............Y....).....#
#.##......)...............#
#.......).).#######.......#
###.........# #.......#
#^.[......# #.....###
#.######### #.#####
###.######## ..#
............ ###


You could see 2 yaks and an orc.

Vanquished Creatures
  Grinder (D:3)
  4 yaks (D:5)
  A sky beast (D:5)
  2 bullfrogs
  A crimson imp (D:5)
  A hound (D:4)
  A centaur skeleton (D:4)
  An orc priest (D:3)
  3 orc wizards
  A worker ant (D:5)
  Natasha (thrice) (D:3)
  2 hound skeletons (D:4)
  3 gnolls (D:4)
  3 adders
  An ooze (D:1)
  5 worms
  A dart slug (D:3)
  3 leopard geckos
  10 orcs
  8 ball pythons
  10 giant cockroaches
  10 goblins
  6 hobgoblins
  5 jackals (D:4)
  4 quokkas
  5 bats
  11 frilled lizards
  5 kobolds
  4 rats
115 creatures vanquished.

Vanquished Creatures (collateral kills)
  An ogre (D:5)
  A gnoll (D:4)
  An orc (D:5)
3 creatures vanquished.

Grand Total: 118 creatures vanquished

Notes
Turn   | Place    | Note
-------+----------+-------------------------------------------
     0 | D:1      | Klosterheim the Formicid Enchanter began the quest for the Orb.
     0 | D:1      | Reached XP level 1. HP: 13/13 MP: 3/3
   273 | D:1      | Reached XP level 2. HP: 14/19 MP: 5/5
   385 | D:1      | Learned a level 2 spell: Ensorcelled Hibernation
   738 | D:1      | Reached skill level 4 in Stealth
  1368 | D:1      | Reached XP level 3. HP: 24/24 MP: 6/6
  2744 | D:2      | Reached XP level 4. HP: 27/30 MP: 8/8
  2767 | D:2      | You fall through a shaft for 2 floors!
  2936 | D:4      | Reached skill level 5 in Stealth
  2936 | D:4      | Reached XP level 5. HP: 9/35 MP: 9/9
  2947 | D:4      | Reached skill level 5 in Hexes
  3443 | D:3      | Found a glowing drain.
  3473 | D:3      | Reached XP level 6. HP: 39/41 MP: 10/10
  3480 | Sewer    | Entered a sewer
  3618 | Sewer    | Learned a level 3 spell: Confuse
  3819 | Sewer    | Reached skill level 6 in Stealth
  3999 | Sewer    | HP: 1/41 [bullfrog (4)]
  4171 | D:3      | Found a glowing silver altar of Zin.
  4172 | D:3      | Found Zin's Purification Station.
  4284 | D:3      | Noticed Natasha
  4291 | D:3      | Found a white marble altar of Elyvilon.
  4292 | D:3      | Noticed Grinder
  4329 | D:3      | Killed Natasha
  4329 | D:3      | Reached XP level 7. HP: 45/46 MP: 6/11
  4511 | D:3      | Killed Grinder
  4586 | D:3      | Noticed Natasha
  4592 | D:3      | Killed Natasha
  4857 | D:3      | Noticed Natasha
  4864 | D:3      | Killed Natasha
  5090 | D:3      | Reached XP level 8. HP: 37/52 MP: 9/12
  5362 | D:4      | Learned a level 3 spell: Tukima's Dance
  5853 | D:5      | Entered Level 5 of the Dungeon
  5853 | D:5      | Found an ancient bone altar of Kikubaaqudgha.
  5863 | D:5      | Reached skill level 7 in Stealth
  6183 | D:5      | Reached skill level 8 in Stealth
  6244 | D:5      | Noticed a yak
  6245 | D:5      | Noticed a yak
  6246 | D:5      | Noticed a yak
  6247 | D:5      | Noticed a yak
  6248 | D:5      | Noticed a yak
  6248 | D:5      | Noticed a yak
  6268 | D:5      | Killed a yak
  6268 | D:5      | Reached skill level 1 in Fighting
  6277 | D:5      | Killed a yak
  6292 | D:5      | Killed a yak
  6292 | D:5      | Reached skill level 9 in Stealth
  6292 | D:5      | Reached XP level 9. HP: 32/62 MP: 3/14
  6346 | D:5      | Slain by a yak

Vault maps used:
D:1:      minmay_arrival_doors
D:2:      first_bread
D:3:      zin_purify, elyvilon_altar_5, cheibrodos_sewer_entry_drain,
          kennysheep_nondescript, uniq_grinder, uniq_natasha
D:4:      grunt_decor_arrowhead
D:5:      basic_altar
Sewer:    sewer_frog_island_01

Skill      XL: |  1  2  3  4  5  6  7  8  9 |
---------------+----------------------------+-----
Dodging        | 2 |  2.0
Stealth        | 4 5 6 9 |  9.1
Hexes          | 4 5 6 7 8 |  8.7
Spellcasting   | 3 4 |  4.2
Short Blades   | 3 |  3.0
Fighting       | 2 |  2.9

Action                   |  1- 3 |  4- 6 |  7- 9 || total
-------------------------+-------+-------+-------++-------
Melee: Dagger            |   110 |   152 |   135 ||   397
 Cast: Corona            |     1 |       |       ||     1
       Ensorcelled Hiber |    14 |    13 |    19 ||    46
       Confuse           |       |     5 |     4 ||     9
       Tukima's Dance    |       |       |     7 ||     7
 Abil: Dig               |     1 |     3 |     1 ||     5
  Use: Scroll            |     4 |     3 |     3 ||    10
       Potion            |       |     2 |     1 ||     3
 Stab: Sleeping          |     9 |     9 |    21 ||    39
       Confused          |       |       |     2 ||     2
  Eat: Chunk             |     6 |     8 |     8 ||    22
Armor: Robe              |    25 |    43 |    29 ||    97
Dodge: Dodged            |    72 |    93 |    58 ||   223

Table legend:
 A = Spawn XP
 B = Non-spawn XP
 C = Spawn XP percentage of total XP
 D = Spawn monster count
 E = Non-spawn monster count
 F = Spawn count percentage of total count
 G = Total turns spent on level
                    A         B        C        D         E        F      G
               +---------+---------+-------+---------+---------+-------+---------
         Total |       0 |    2239 |   0.0 |       0 |     118 |   0.0 |  6346
               +---------+---------+-------+---------+---------+-------+---------
           D:1 |       0 |      35 |   0.0 |       0 |      19 |   0.0 |  1792
           D:2 |       0 |      34 |   0.0 |       0 |      13 |   0.0 |  1063
           D:3 |       0 |     610 |   0.0 |       0 |      33 |   0.0 |  1379
           D:4 |       0 |     273 |   0.0 |       0 |      22 |   0.0 |  1113
           D:5 |       0 |    1147 |   0.0 |       0 |      13 |   0.0 |   479
         Sewer |       0 |     140 |   0.0 |       0 |      18 |   0.0 |   520
               +---------+---------+-------+---------+---------+-------+---------
